Map: Traitor's Exile

Players

LeoNaVinci

  • Race: Terran Terran
  • Spawn Location: 12:00

blueDECK

  • Race: Terran Terran
  • Spawn Location: 9:00

PureLegacy - Winner!

  • Race: Terran Terran
  • Spawn Location: 5:00

orlandus - Winner!

  • Race: Zerg Zerg
  • Spawn Location: 6:00

VOD

Have the link to the VOD?

Description

Time

  • Played on: Nov. 26, 2018, 9:01 a.m.
  • Length: 9:48
Show
View Real Time Build Order
Export as new Build Order

LeoNaVinci Terran 

Build Orders:  

Get SALT Encoding   

  12  0:01  SCV  
  13  0:13  SCV  
  14  0:19  Supply Depot  
  14  0:25  SCV  
  15  0:30  Refinery  
  15  0:40  SCV  
  16  0:46  Barracks  
  16  0:52  SCV  
  17  1:01  Refinery  
  17  1:04  SCV  
  18  1:16  SCV  
  19  1:34  Orbital Command  
  19  1:40  Barracks Reactor  
  19  1:41  Factory  
  19  1:49  Supply Depot  
  19  2:02  SCV  
  20  2:17  SCV  
  20  2:18  Marine x2  
  23  2:24  Factory Tech Lab  
  22  2:31  SCV  
  22  2:36  Marine x2  
  25  2:39  Bunker  
  25  2:44  Supply Depot  
  25  2:45  Siege Tank  
  25  2:46  SCV  
  25  2:50  Supply Depot  
  29  3:01  Marine x2  
  31  3:09  Starport  
  31  3:12  Supply Depot  
  31  3:18  Marine  
  31  3:19  Marine  
  33  3:27  Siege Tank  
  36  3:28  SCV  
  36  3:31  Supply Depot  
  37  3:42  Marine x2  
  37  3:46  Starport Tech Lab  
  39  3:50  SCV  
  40  4:06  Banshee  
  42  4:12  Marine x2  
  44  4:21  Command Center  
  43  4:30  Marine x2  
  45  4:31  Siege Tank  
  48  4:48  Marine x2  
  50  5:02  Supply Depot  
  50  5:06  Barracks  
  50  5:07  Barracks  
  50  5:22  SCV  
  50  5:26  Factory Reactor  
  51  5:37  Marine x2  
  51  5:41  Orbital Command  
  50  5:44  Supply Depot  
  50  6:06  Stimpack  
  50  6:07  Marine  
  50  6:08  Marine x2  
  50  6:10  Starport Reactor, Supply Depot  
  53  6:12  Supply Depot  
  53  6:14  SCV  
  53  6:16  Marine x2  
  53  6:17  Orbital Command  
  56  6:20  Siege Tank  
  56  6:25  Marine  
  60  6:26  SCV  
  61  6:35  Marine x4  
  61  6:39  Supply Depot  
  65  6:41  SCV  
  65  6:43  Reaper  
  67  6:48  Medivac x2  
  67  6:53  SCV  
  72  6:57  Engineering Bay  
  72  7:00  SCV  
  73  7:05  Supply Depot, SCV  
  74  7:11  Siege Tank  
  74  7:13  Marine  
  72  7:32  Marine x2  
  72  7:33  Marine x3  
  72  7:36  Medivac x2  
  81  7:38  Terran Infantry Weapons Level 1  
  81  7:42  Missile Turret  
  81  7:43  Missile Turret  
  80  7:50  SCV x2  
  82  7:58  Marine x3  
  82  7:59  Marine x2  
  82  8:04  SCV x2  
  89  8:06  Refinery  
  89  8:07  Refinery  
  82  8:17  Combat Shield  
  82  8:19  Siege Tank  
  72  8:20  Marine  
  72  8:21  Marine  
  72  8:23  SCV x2  
  76  8:32  Marine x3  
  79  8:35  SCV x2  
  79  8:38  Marine  
  82  8:51  Siege Tank  
  82  8:53  Command Center  
Show
View Real Time Build Order
Export as new Build Order

blueDECK Terran 

Build Orders: Reaper Expand 

Get SALT Encoding   

  12  0:01  SCV  
  13  0:13  SCV  
  14  0:21  Supply Depot  
  14  0:25  SCV  
  15  0:42  SCV  
  16  0:43  Barracks  
  16  0:47  Refinery  
  16  0:54  SCV  
  17  0:59  Refinery  
  17  1:06  SCV  
  18  1:18  SCV  
  19  1:32  Orbital Command  
  19  1:34  Reaper  
  19  1:38  Supply Depot  
  20  1:47  Factory  
  20  1:58  SCV  
  21  2:06  Marine  
  22  2:10  SCV  
  23  2:22  SCV  
  24  2:24  Marine  
  25  2:31  Factory Tech Lab  
  25  2:34  SCV  
  26  2:41  Marine  
  27  3:07  Siege Tank  
  27  3:09  SCV  
  27  3:28  Marine  
  19  3:46  Marine  
  13  4:11  SCV  
  13  4:13  Marine  
  13  4:16  Siege Tank  
  18  4:23  SCV  
  19  4:34  Supply Depot  
  19  4:36  SCV  
  19  4:37  Command Center  
  20  4:41  Marine  
  21  4:48  SCV  
  22  5:00  SCV  
  22  5:01  Siege Tank  
  25  5:12  SCV  
  23  5:24  SCV  
  24  5:36  SCV  
  25  5:48  SCV  
  26  6:00  SCV  
  26  6:01  SCV  
  28  6:07  Marine  
  29  6:12  SCV  
  29  6:18  Command Center  
  30  6:31  SCV  
  30  6:32  Orbital Command  
  30  6:42  Engineering Bay  
  30  6:43  Engineering Bay, SCV  
  31  6:55  SCV  
  31  6:58  Barracks, SCV  
  33  7:02  Barracks  
  33  7:06  Barracks Reactor  
  33  7:07  SCV  
  34  7:10  SCV  
  35  7:19  SCV  
  36  7:31  SCV  
  37  7:37  SCV  
  37  7:40  Terran Infantry Armor Level 1, Terran Infantry Weapons Level 1  
  37  7:43  Missile Turret  
  37  7:44  SCV  
  39  7:48  Missile Turret  
  39  7:49  Barracks Tech Lab, SCV  
  40  7:55  Missile Turret, Barracks Tech Lab  
  40  7:56  SCV  
  41  7:58  Siege Tank  
  41  8:01  SCV  
  41  8:02  Marine  
  46  8:10  Supply Depot  
  46  8:32  Marine, SCV x2  
  46  8:33  Supply Depot  
  49  8:39  Command Center  
  49  8:42  Supply Depot  
  49  8:44  SCV x2  
Show
View Real Time Build Order
Export as new Build Order

PureLegacy Terran - Winner!

Build Orders:  

Get SALT Encoding   

  12  0:01  SCV  
  13  0:13  SCV  
  14  0:18  Supply Depot  
  14  0:25  SCV  
  15  0:30  Refinery  
  15  0:39  SCV  
  16  0:45  Barracks  
  16  0:51  SCV  
  17  1:04  Barracks  
  17  1:21  Barracks  
  17  1:26  SCV  
  18  1:33  Reaper  
  19  1:41  Orbital Command  
  19  1:50  Refinery  
  19  1:57  Reaper  
  20  2:01  Supply Depot  
  20  2:05  Reaper  
  20  2:08  Reaper  
  22  2:14  SCV  
  23  2:29  Reaper  
  24  2:31  Supply Depot  
  24  2:35  SCV  
  25  2:38  Reaper  
  25  2:42  Reaper  
  27  2:49  SCV  
  27  3:01  Reaper  
  28  3:10  Reaper  
  29  3:17  Reaper  
  29  3:19  Command Center  
  29  3:21  SCV  
  30  3:33  Reaper  
  31  3:42  Reaper  
  32  3:50  Reaper  
  30  4:06  SCV  
  32  4:16  Barracks x2, Engineering Bay  
  33  4:18  SCV  
  35  4:28  Factory  
  35  4:30  Barracks Reactor x2  
  32  4:31  Barracks Tech Lab  
  32  4:33  SCV  
  32  4:34  Orbital Command  
  33  4:44  Missile Turret  
  33  4:45  SCV  
  34  4:53  Marine  
  34  4:54  Stimpack  
  34  4:57  SCV  
  30  5:15  Marine x5  
  30  5:17  Factory Reactor, Starport  
  30  5:20  SCV  
  36  5:21  SCV  
  36  5:23  Terran Infantry Weapons Level 1  
  36  5:32  Marine  
  36  5:33  Marine x4  
  41  5:39  SCV x2  
  40  5:44  Missile Turret  
  40  5:51  SCV  
  40  5:52  SCV  
  42  6:02  Medivac x2  
  47  6:04  SCV x2  
  47  6:06  Supply Depot  
  47  6:07  Marine  
  47  6:08  Marine x4  
  53  6:16  SCV  
  54  6:21  Supply Depot  
  54  6:27  Marine, SCV  
  54  6:28  Factory Tech Lab, Barracks  
  54  6:29  SCV  
  54  6:30  Barracks  
  54  6:32  Refinery  
  57  6:33  Refinery  
  57  6:41  SCV  
  57  6:42  SCV  
  57  6:43  Supply Depot  
  57  6:46  Siege Tank  
  62  6:56  SCV x2  
  62  6:59  Supply Depot  
  62  7:00  Supply Depot  
  60  7:08  SCV x2  
  60  7:11  Marine x5  
  62  7:24  Medivac x2  
  62  7:25  Barracks Reactor x2  
  62  7:28  SCV x2  
  68  7:30  Combat Shield  
  68  7:32  Terran Infantry Armor Level 1  
  68  7:39  Siege Tank  
  68  7:41  Marine  
  68  7:42  Marine x3  
  75  7:49  SCV x2  
  75  7:51  Supply Depot  
  77  7:53  Marine  
  78  8:01  Marine x3  
  78  8:02  Marine x2  
  82  8:18  Siege Tank  
  82  8:19  Marine x4  
  81  8:20  Marine x4  
  81  8:21  Marine  
  81  8:24  Supply Depot  
  81  8:25  Medivac x2, Supply Depot  
  92  8:37  Marine x4  
  92  8:38  Marine  
  97  8:43  Marine x2  
  97  8:46  Supply Depot x2  
  99  8:50  Siege Tank  
  102  9:02  Marine x2  
  99  9:09  Marine x3  
  99  9:10  Marine x4  
  103  9:17  Medivac x2  
  103  9:19  Marine  
  103  9:20  Marine  
  112  9:27  Marine x3  
Show
View Real Time Build Order
Export as new Build Order

orlandus Zerg - Winner!

Build Orders: Pool First 

Get SALT Encoding   

  12  0:04  Drone  
  13  0:15  Overlord  
  13  0:19  Drone  
  14  0:37  Drone x3  
  17  0:46  Extractor  
  17  0:48  Drone  
  17  0:57  Spawning Pool  
  16  0:59  Drone  
  17  1:04  Extractor  
  16  1:14  Drone  
  17  1:21  Drone  
  18  1:35  Drone  
  19  1:45  Queen  
  21  1:47  Roach Warren  
  21  1:48  Overlord  
  20  2:03  Drone x2  
  22  2:27  Roach x2  
  26  2:35  Overlord  
  26  2:48  Ravager x2  
  28  2:52  Roach  
  30  3:11  Overlord  
  30  3:35  Overlord x2, Hatchery  
  27  4:05  Drone x2  
  27  4:06  Drone x5  
  27  4:07  Metabolic Boost  
  28  4:22  Queen  
  30  4:33  Spore Crawler  
  30  4:35  Drone x2  
  31  4:50  Spore Crawler, Queen  
  32  4:56  Zergling x8  
  36  5:05  Lair  
  36  5:17  Zergling x6  
  39  5:27  Hatchery  
  38  5:34  Drone x2  
  38  5:35  Drone x6  
  45  5:36  Drone  
  47  5:57  Extractor x2  
  46  5:58  Drone x4  
  49  6:13  Overseer  
  49  6:15  Drone x3  
  49  6:16  Drone x2  
  54  6:29  Roach x3, Evolution Chamber  
  54  6:30  Evolution Chamber  
  54  6:31  Overlord x2  
  57  6:51  Ravager x2  
  57  6:52  Ravager  
  60  6:56  Zerg Melee Weapons Level 1, Zerg Ground Armor Level 1  
  60  7:00  Drone x2  
  60  7:01  Drone x6  
  65  7:02  Baneling Nest  
  67  7:20  Overlord x2  
  67  7:21  Overlord  
  67  7:26  Drone  
  67  7:27  Drone x5  
  73  7:41  Drone  
  73  7:42  Drone x6  
  73  7:43  Drone x2  
  82  7:47  Overlord  
  82  7:48  Overlord  
  81  8:16  Baneling x2, Extractor  
  81  8:17  Centrifical Hooks, Baneling x5, Extractor  
  78  8:26  Queen  
  80  8:29  Zergling x2  
  80  8:30  Zergling x22  
  92  8:35  Queen  
  94  9:08  Infestation Pit  
  94  9:10  Hatchery, Zergling x26  
  93  9:30  Drone  
  93  9:31  Drone x5  
Tags
 
Add a new tag
Caveats
  • Supply blocks, unpowered buildings, or Contaminate may cause inaccurate times.
  • Supply counts are checked every 10 seconds.